[ AOE2 MATCH · #478697381 ]
UnrankedPersians vs Magyars
[ REPLAY ANALYSIS · EXTRACTED FROM THE RECORDED GAME ]
Feudal
13:23
Castle
16:40
Imperial
43:42
| APM avg | 30.4 |
| APM peak | 52 |
| eAPM avg | 16.9 |
| Villagers / military | 113 / 101 |
Focus
⚔️ 33.3% · 🌾 66.7%
Knight ×93 · Scorpion ×3 · Trebuchet (Packed) ×3 · Mangonel ×1 · War Elephant ×1
Feudal
12:09
Castle
26:38
Imperial
—
| APM avg | 51.4 |
| APM peak | 127 |
| eAPM avg | 28.5 |
| Villagers / military | 85 / 46 |
Focus
⚔️ 48.2% · 🌾 51.8%
Scout Cavalry ×18 · Magyar Huszar ×10 · Knight ×8 · Battering Ram ×5 · Mangonel ×4 · Spearman ×1
Feudal
13:11
Castle
30:00
Imperial
48:37
| APM avg | 45.3 |
| APM peak | 79 |
| eAPM avg | 23.1 |
| Villagers / military | 127 / 90 |
Focus
⚔️ 29.1% · 🌾 70.9%
Archer ×42 · Spearman ×25 · Fishing Ship ×14 · Longbowman ×8 · Battering Ram ×7 · Skirmisher ×4
Feudal
11:57
Castle
31:11
Imperial
48:39
| APM avg | 49.5 |
| APM peak | 99 |
| eAPM avg | 18.4 |
| Villagers / military | 155 / 88 |
Focus
⚔️ 22.6% · 🌾 77.4%
Archer ×61 · Spearman ×22 · Battering Ram ×3 · Petard ×1 · Trebuchet (Packed) ×1
Feudal
11:36
Castle
21:10
Imperial
45:41
| APM avg | 36.7 |
| APM peak | 86 |
| eAPM avg | 17.2 |
| Villagers / military | 140 / 51 |
Focus
⚔️ 29.0% · 🌾 71.0%
Archer ×18 · Samurai ×15 · Monk ×9 · Trebuchet (Packed) ×4 · Spearman ×2 · Mangonel ×1
Feudal
14:09
Castle
23:55
Imperial
45:50
| APM avg | 37.9 |
| APM peak | 117 |
| eAPM avg | 14.9 |
| Villagers / military | 133 / 60 |
Focus
⚔️ 23.5% · 🌾 76.5%
Conquistador ×43 · Knight ×8 · Scout Cavalry ×4 · Trebuchet (Packed) ×4 · Monk ×1
Match map
Initial resources + every placement click. Lines = walls · curves = elevation contours. ◆ gold · ⬟ stone · ● berries · ✦ relic · ◌ wall gap
Your base· Open — 7t gap
[JaMx] McLovin's base· Open — 5t gap
SometimesUnlucky's base· Open — unwalled flank
[JaMx] buvs's base· Open — unwalled flank
Gush's base· Open — unwalled flank
Paper Arrow's base· Open — unwalled flank
Smoothed initial terrain · ◌ = detected wall gap · hover for details
Inputs per minute
— Outback_Wizard - - [JaMx] McLovin
Build order — Outback_Wizard
First 150 of 403 actions detected
| 0:07 | Build | House |
| 0:15 | Build | Town Center |
| 2:43 | Create | Villager (Male) |
| 2:43 | Create | Villager (Male) |
| 2:43 | Create | Villager (Male) |
| 2:44 | Create | Villager (Male) |
| 2:44 | Create | Villager (Male) |
| 4:46 | Create | Villager (Male) |
| 4:46 | Create | Villager (Male) |
| 4:47 | Create | Villager (Male) |
| 4:56 | Build | Lumber Camp |
| 5:38 | Research | Loom |
| 5:41 | Build | House |
| 5:52 | Create | Villager (Male) |
| 6:31 | Build | Mill |
| 6:33 | Create | Villager (Male) |
| 6:36 | Create | Villager (Male) |
| 6:48 | Create | Villager (Male) |
| 7:05 | Create | Villager (Male) |
| 7:17 | Build | House |
| 7:27 | Create | Villager (Male) |
| 7:34 | Create | Villager (Male) |
| 7:44 | Create | Villager (Male) |
| 7:55 | Create | Villager (Male) |
| 8:12 | Build | House |
| 8:16 | Create | Villager (Male) |
| 9:19 | Build | House |
| 9:45 | Create | Villager (Male) |
| 10:05 | Build | Palisade Gate |
| 10:12 | Build | Palisade Wall |
| 10:17 | Create | Villager (Male) |
| 10:41 | Create | Villager (Male) |
| 11:04 | Research | Feudal Age |
| 11:31 | Build | Mill |
| 13:10 | Build | House |
| 13:23 | Age | Feudal Age |
| 13:24 | Build | Market |
| 13:27 | Build | Blacksmith |
| 13:35 | Build | Palisade Wall |
| 14:01 | Build | Barracks |
| 14:15 | Research | Castle Age |
| 14:39 | Build | Watch Tower |
| 15:16 | Build | Farm |
| 16:11 | Build | Stable |
| 16:17 | Create | Villager (Male) |
| 16:40 | Age | Castle Age |
| 16:43 | Create | Villager (Male) |
| 16:48 | Build | Farm |
| 16:49 | Build | Farm |
| 16:49 | Build | Farm |
| 17:01 | Create | Knight |
| 17:11 | Build | Farm |
| 17:14 | Build | Farm |
| 17:17 | Build | Farm |
| 17:18 | Create | Villager (Male) |
| 17:46 | Build | Farm |
| 17:59 | Create | Villager (Male) |
| 17:59 | Create | Villager (Male) |
| 18:13 | Create | Villager (Male) |
| 18:15 | Build | Farm |
| 18:28 | Build | Farm |
| 19:00 | Create | Knight |
| 19:20 | Create | Villager (Male) |
| 19:50 | Create | Villager (Male) |
| 19:55 | Build | Town Center |
| 19:57 | Create | Villager (Male) |
| 20:18 | Build | House |
| 20:24 | Create | Villager (Male) |
| 20:40 | Create | Knight |
| 20:42 | Create | Villager (Male) |
| 20:43 | Create | Villager (Male) |
| 20:59 | Build | House |
| 21:21 | Create | Villager (Male) |
| 21:21 | Create | Villager (Male) |
| 21:26 | Build | Farm |
| 21:29 | Build | Farm |
| 22:03 | Build | Farm |
| 22:04 | Create | Villager (Male) |
| 22:06 | Build | Farm |
| 22:21 | Create | Villager (Male) |
| 22:24 | Build | Farm |
| 22:25 | Create | Villager (Male) |
| 22:25 | Create | Villager (Male) |
| 22:30 | Build | Farm |
| 22:48 | Create | Knight |
| 22:54 | Build | Farm |
| 23:04 | Create | Villager (Male) |
| 23:17 | Create | Villager (Male) |
| 23:27 | Create | Villager (Male) |
| 23:29 | Build | Farm |
| 23:33 | Build | Farm |
| 23:40 | Create | Knight |
| 23:40 | Create | Knight |
| 23:51 | Create | Villager (Male) |
| 23:53 | Create | Villager (Male) |
| 23:56 | Build | House |
| 23:58 | Build | House |
| 24:02 | Create | Villager (Male) |
| 24:18 | Create | Villager (Male) |
| 24:28 | Create | Villager (Male) |
| 24:39 | Create | Knight |
| 24:42 | Create | Villager (Male) |
| 24:46 | Build | Siege Workshop |
| 24:55 | Create | Villager (Male) |
| 24:57 | Create | Villager (Male) |
| 25:00 | Build | Farm |
| 25:18 | Create | Villager (Male) |
| 25:20 | Create | Knight |
| 25:30 | Research | Horse Collar |
| 25:49 | Create | Scorpion |
| 25:51 | Create | Villager (Male) |
| 25:55 | Build | House |
| 26:08 | Research | Scale Barding Armor |
| 26:17 | Create | Villager (Male) |
| 26:19 | Create | Knight |
| 26:19 | Create | Knight |
| 26:32 | Create | Knight |
| 26:49 | Build | Farm |
| 26:51 | Create | Scorpion |
| 27:24 | Create | Villager (Male) |
| 27:25 | Create | Villager (Male) |
| 27:25 | Create | Villager (Male) |
| 27:26 | Create | Knight |
| 27:29 | Build | House |
| 27:39 | Create | Villager (Male) |
| 28:04 | Build | Farm |
| 28:04 | Build | Farm |
| 28:04 | Build | Farm |
| 28:04 | Build | Farm |
| 28:16 | Create | Knight |
| 28:16 | Create | Knight |
| 28:30 | Build | House |
| 28:33 | Create | Villager (Male) |
| 28:34 | Create | Villager (Male) |
| 28:34 | Create | Villager (Male) |
| 28:38 | Research | Town Watch |
| 28:43 | Research | Chain Barding Armor |
| 28:43 | Research | Chain Barding Armor |
| 28:54 | Create | Villager (Male) |
| 29:01 | Create | Villager (Male) |
| 29:19 | Research | Husbandry |
| 29:22 | Create | Knight |
| 29:22 | Create | Knight |
| 29:27 | Create | Mangonel |
| 29:29 | Create | Villager (Male) |
| 29:32 | Build | Farm |
| 29:54 | Create | Knight |
| 29:54 | Create | Knight |
| 30:04 | Create | Knight |
| 30:11 | Build | Stable |
Build order — [JaMx] McLovin
First 150 of 246 actions detected
| 0:14 | Build | Town Center |
| 1:46 | Build | House |
| 2:46 | Create | Villager (Male) |
| 2:46 | Create | Villager (Male) |
| 2:47 | Create | Villager (Male) |
| 2:47 | Create | Villager (Male) |
| 4:14 | Build | House |
| 4:38 | Create | Villager (Male) |
| 4:39 | Create | Villager (Male) |
| 4:42 | Build | House |
| 5:04 | Create | Villager (Male) |
| 5:17 | Create | Villager (Male) |
| 5:38 | Build | House |
| 5:50 | Create | Villager (Male) |
| 6:04 | Build | Lumber Camp |
| 6:21 | Build | House |
| 6:53 | Create | Villager (Male) |
| 6:53 | Create | Villager (Male) |
| 6:53 | Create | Villager (Male) |
| 7:32 | Build | House |
| 7:34 | Create | Villager (Male) |
| 8:14 | Create | Villager (Male) |
| 8:15 | Create | Villager (Male) |
| 8:15 | Create | Villager (Male) |
| 8:15 | Create | Villager (Male) |
| 8:20 | Create | Villager (Male) |
| 8:20 | Create | Villager (Male) |
| 8:21 | Create | Villager (Male) |
| 8:38 | Create | Villager (Male) |
| 9:07 | Build | Mill |
| 9:33 | Research | Loom |
| 9:59 | Research | Feudal Age |
| 9:59 | Research | Feudal Age |
| 10:24 | Build | Barracks |
| 10:52 | Build | House |
| 11:11 | Create | Villager (Male) |
| 11:38 | Create | Villager (Male) |
| 12:09 | Age | Feudal Age |
| 12:10 | Build | Stable |
| 12:16 | Research | Double-Bit Axe |
| 12:16 | Research | Double-Bit Axe |
| 12:34 | Build | House |
| 12:44 | Create | Scout Cavalry |
| 12:46 | Create | Scout Cavalry |
| 12:58 | Create | Villager (Male) |
| 13:07 | Create | Villager (Male) |
| 13:18 | Create | Scout Cavalry |
| 13:25 | Create | Villager (Male) |
| 13:28 | Build | Blacksmith |
| 13:39 | Create | Scout Cavalry |
| 13:46 | Create | Spearman |
| 13:54 | Create | Villager (Male) |
| 14:07 | Build | Mill |
| 14:20 | Create | Scout Cavalry |
| 14:58 | Create | Villager (Male) |
| 15:01 | Build | House |
| 15:06 | Build | House |
| 15:09 | Create | Scout Cavalry |
| 15:20 | Build | Mill |
| 15:29 | Research | Scale Barding Armor |
| 15:39 | Create | Scout Cavalry |
| 15:51 | Build | Farm |
| 15:54 | Create | Villager (Male) |
| 16:28 | Create | Scout Cavalry |
| 16:43 | Create | Villager (Male) |
| 17:06 | Create | Scout Cavalry |
| 17:06 | Create | Scout Cavalry |
| 17:13 | Create | Scout Cavalry |
| 17:25 | Create | Scout Cavalry |
| 17:28 | Create | Villager (Male) |
| 17:29 | Create | Villager (Male) |
| 17:29 | Create | Villager (Male) |
| 17:43 | Build | Mining Camp |
| 17:46 | Create | Scout Cavalry |
| 17:53 | Create | Scout Cavalry |
| 17:56 | Build | House |
| 18:00 | Build | Farm |
| 18:26 | Create | Scout Cavalry |
| 18:38 | Create | Scout Cavalry |
| 19:24 | Create | Villager (Male) |
| 19:25 | Create | Villager (Male) |
| 19:25 | Create | Villager (Male) |
| 19:35 | Build | Mill |
| 20:01 | Create | Villager (Male) |
| 20:44 | Build | Stable |
| 20:46 | Build | Stable |
| 20:50 | Build | Stable |
| 21:04 | Create | Scout Cavalry |
| 21:04 | Create | Scout Cavalry |
| 22:03 | Create | Villager (Male) |
| 22:04 | Create | Villager (Male) |
| 22:13 | Create | Villager (Male) |
| 22:16 | Build | Farm |
| 22:16 | Build | Farm |
| 22:17 | Build | Farm |
| 22:19 | Build | Farm |
| 23:22 | Build | Farm |
| 23:22 | Build | Farm |
| 23:23 | Build | Farm |
| 23:58 | Research | Castle Age |
| 24:04 | Build | Farm |
| 24:17 | Build | House |
| 24:19 | Build | House |
| 24:22 | Build | House |
| 24:23 | Create | Villager (Male) |
| 24:23 | Create | Villager (Male) |
| 24:26 | Build | House |
| 24:28 | Build | Palisade Wall |
| 24:52 | Build | House |
| 24:53 | Create | Villager (Male) |
| 26:08 | Build | Mining Camp |
| 26:38 | Age | Castle Age |
| 26:56 | Create | Knight |
| 26:56 | Create | Knight |
| 26:56 | Create | Knight |
| 27:43 | Build | Town Center |
| 27:48 | Build | Farm |
| 27:55 | Create | Knight |
| 27:56 | Create | Knight |
| 27:56 | Create | Knight |
| 28:04 | Build | Farm |
| 28:23 | Create | Knight |
| 28:23 | Create | Knight |
| 29:59 | Build | House |
| 30:01 | Build | House |
| 30:05 | Build | Palisade Wall |
| 30:10 | Create | Villager (Male) |
| 30:22 | Build | Palisade Wall |
| 30:35 | Create | Villager (Male) |
| 30:40 | Create | Villager (Male) |
| 30:40 | Create | Villager (Male) |
| 30:40 | Create | Villager (Male) |
| 30:41 | Create | Villager (Male) |
| 31:15 | Create | Villager (Male) |
| 31:25 | Build | Gate |
| 31:54 | Build | Palisade Gate |
| 32:20 | Build | Outpost |
| 32:25 | Create | Villager (Male) |
| 32:28 | Create | Villager (Male) |
| 32:28 | Create | Villager (Male) |
| 32:28 | Create | Villager (Male) |
| 32:41 | Create | Villager (Male) |
| 32:41 | Create | Villager (Male) |
| 32:47 | Build | Outpost |
| 32:53 | Research | Town Watch |
| 33:15 | Build | Castle |
| 33:22 | Build | Gate |
| 33:22 | Create | Villager (Male) |
| 33:23 | Create | Villager (Male) |
| 33:28 | Create | Villager (Male) |
Build order — SometimesUnlucky
First 150 of 396 actions detected
| 0:15 | Build | Town Center |
| 1:05 | Build | Lumber Camp |
| 1:48 | Build | House |
| 1:49 | Build | House |
| 2:01 | Build | House |
| 2:01 | Build | House |
| 2:29 | Create | Villager (Male) |
| 2:30 | Create | Villager (Male) |
| 2:30 | Create | Villager (Male) |
| 2:30 | Create | Villager (Male) |
| 2:30 | Create | Villager (Male) |
| 3:43 | Create | Villager (Male) |
| 4:21 | Create | Villager (Male) |
| 4:21 | Create | Villager (Male) |
| 4:49 | Create | Villager (Male) |
| 5:11 | Create | Villager (Male) |
| 5:44 | Create | Villager (Male) |
| 6:02 | Build | Lumber Camp |
| 6:08 | Create | Villager (Male) |
| 6:09 | Create | Villager (Male) |
| 6:31 | Build | House |
| 7:05 | Build | House |
| 7:13 | Create | Villager (Male) |
| 7:13 | Create | Villager (Male) |
| 7:28 | Create | Villager (Male) |
| 8:17 | Create | Villager (Male) |
| 8:26 | Create | Villager (Male) |
| 8:57 | Create | Villager (Male) |
| 9:03 | Build | Dock |
| 9:09 | Create | Villager (Male) |
| 9:23 | Create | Villager (Male) |
| 9:56 | Create | Fishing Ship |
| 9:57 | Create | Fishing Ship |
| 10:37 | Build | House |
| 10:42 | Create | Fishing Ship |
| 11:01 | Research | Feudal Age |
| 11:01 | Research | Feudal Age |
| 11:42 | Create | Fishing Ship |
| 11:56 | Build | House |
| 12:14 | Build | Barracks |
| 12:34 | Create | Villager (Male) |
| 12:34 | Create | Villager (Male) |
| 12:56 | Create | Fishing Ship |
| 13:11 | Age | Feudal Age |
| 13:15 | Build | Mill |
| 13:33 | Create | Fishing Ship |
| 13:49 | Create | Villager (Male) |
| 14:09 | Research | Double-Bit Axe |
| 14:35 | Research | Loom |
| 14:35 | Research | Loom |
| 14:47 | Build | Mill |
| 14:51 | Create | Villager (Male) |
| 14:51 | Create | Villager (Male) |
| 14:55 | Create | Fishing Ship |
| 14:59 | Build | Dock |
| 15:34 | Build | Fish Trap |
| 15:41 | Research | Tech 906 |
| 15:41 | Research | Tech 906 |
| 16:11 | Create | Spearman |
| 16:17 | Build | House |
| 16:35 | Create | Spearman |
| 17:23 | Create | Villager (Male) |
| 17:23 | Create | Villager (Male) |
| 17:23 | Create | Villager (Male) |
| 18:01 | Build | Palisade Wall |
| 18:20 | Create | Villager (Male) |
| 18:31 | Build | Palisade Gate |
| 18:36 | Create | Villager (Male) |
| 18:41 | Create | Villager (Male) |
| 18:48 | Build | Fish Trap |
| 18:52 | Build | Fish Trap |
| 19:03 | Create | Villager (Male) |
| 19:06 | Create | Spearman |
| 19:07 | Create | Spearman |
| 19:44 | Create | Villager (Male) |
| 19:44 | Create | Villager (Male) |
| 19:55 | Build | Fish Trap |
| 20:16 | Create | Villager (Male) |
| 20:27 | Create | Spearman |
| 20:31 | Create | Spearman |
| 20:46 | Build | Fish Trap |
| 20:48 | Build | Fish Trap |
| 20:50 | Create | Villager (Male) |
| 20:50 | Create | Villager (Male) |
| 20:53 | Create | Villager (Male) |
| 21:11 | Build | Fish Trap |
| 21:17 | Create | Spearman |
| 21:56 | Build | Archery Range |
| 22:10 | Create | Villager (Male) |
| 22:25 | Create | Fishing Ship |
| 22:26 | Create | Fishing Ship |
| 22:30 | Build | House |
| 22:31 | Build | House |
| 22:31 | Build | House |
| 23:02 | Create | Archer |
| 23:05 | Build | House |
| 23:08 | Build | Palisade Gate |
| 23:22 | Create | Fishing Ship |
| 23:48 | Create | Archer |
| 23:51 | Create | Villager (Male) |
| 23:51 | Create | Villager (Male) |
| 23:55 | Build | House |
| 23:56 | Build | House |
| 24:27 | Create | Spearman |
| 25:05 | Create | Villager (Male) |
| 25:14 | Build | Blacksmith |
| 25:17 | Create | Villager (Male) |
| 25:18 | Create | Villager (Male) |
| 25:18 | Create | Fishing Ship |
| 25:18 | Create | Fishing Ship |
| 25:25 | Create | Villager (Male) |
| 25:47 | Create | Villager (Male) |
| 25:48 | Create | Villager (Male) |
| 26:17 | Build | Market |
| 26:42 | Build | House |
| 26:43 | Build | House |
| 26:45 | Create | Fishing Ship |
| 26:53 | Build | Fish Trap |
| 27:08 | Build | Fish Trap |
| 27:13 | Build | Fish Trap |
| 27:14 | Create | Fishing Ship |
| 27:18 | Research | Castle Age |
| 27:18 | Research | Castle Age |
| 27:33 | Build | Fish Trap |
| 27:46 | Build | Lumber Camp |
| 27:54 | Create | Spearman |
| 27:55 | Create | Spearman |
| 28:05 | Build | House |
| 28:10 | Build | House |
| 28:12 | Build | House |
| 28:13 | Build | House |
| 28:14 | Build | House |
| 28:28 | Create | Archer |
| 28:30 | Create | Spearman |
| 28:32 | Create | Archer |
| 28:32 | Create | Archer |
| 28:35 | Build | Mining Camp |
| 28:55 | Build | House |
| 28:57 | Build | House |
| 29:02 | Build | House |
| 29:03 | Build | House |
| 29:05 | Build | House |
| 29:08 | Build | House |
| 29:27 | Research | Gold Mining |
| 29:27 | Research | Gold Mining |
| 29:41 | Build | Lumber Camp |
| 30:00 | Age | Castle Age |
| 30:35 | Create | Villager (Male) |
| 30:35 | Create | Villager (Male) |
| 31:04 | Research | Crossbowman (upgrade) |
Build order — [JaMx] buvs
First 150 of 391 actions detected
| 0:06 | Build | Town Center |
| 0:16 | Build | House |
| 0:17 | Build | House |
| 2:36 | Create | Villager (Male) |
| 2:37 | Create | Villager (Male) |
| 2:37 | Create | Villager (Male) |
| 2:40 | Create | Villager (Male) |
| 3:41 | Create | Villager (Male) |
| 3:41 | Create | Villager (Male) |
| 4:14 | Create | Villager (Male) |
| 4:21 | Build | Lumber Camp |
| 4:37 | Create | Villager (Male) |
| 5:01 | Create | Villager (Male) |
| 5:13 | Create | Villager (Male) |
| 5:49 | Create | Villager (Male) |
| 5:50 | Create | Villager (Male) |
| 6:15 | Research | Loom |
| 6:16 | Create | Villager (Male) |
| 6:59 | Create | Villager (Male) |
| 6:59 | Create | Villager (Male) |
| 7:11 | Create | Villager (Male) |
| 7:31 | Create | Villager (Male) |
| 7:37 | Build | House |
| 7:40 | Build | House |
| 8:23 | Create | Villager (Male) |
| 8:23 | Create | Villager (Male) |
| 8:45 | Build | Mill |
| 9:03 | Create | Villager (Male) |
| 9:47 | Research | Feudal Age |
| 10:02 | Build | Mining Camp |
| 10:38 | Build | Palisade Wall |
| 10:48 | Build | Barracks |
| 10:51 | Create | Villager (Male) |
| 10:54 | Create | Villager (Male) |
| 11:57 | Age | Feudal Age |
| 12:04 | Build | Archery Range |
| 12:11 | Build | Archery Range |
| 12:14 | Create | Villager (Male) |
| 12:25 | Build | Palisade Wall |
| 12:39 | Build | Palisade Wall |
| 12:43 | Build | House |
| 12:48 | Create | Villager (Male) |
| 13:10 | Create | Archer |
| 13:10 | Create | Archer |
| 13:25 | Research | Double-Bit Axe |
| 13:25 | Research | Double-Bit Axe |
| 13:37 | Create | Archer |
| 13:37 | Create | Archer |
| 13:43 | Build | House |
| 13:54 | Build | Blacksmith |
| 13:57 | Create | Villager (Male) |
| 14:05 | Create | Archer |
| 14:58 | Build | House |
| 15:03 | Create | Archer |
| 15:03 | Create | Archer |
| 15:11 | Create | Villager (Male) |
| 15:23 | Build | Farm |
| 15:24 | Build | Farm |
| 15:27 | Create | Archer |
| 15:28 | Create | Archer |
| 15:56 | Build | House |
| 15:57 | Build | House |
| 16:07 | Create | Archer |
| 16:10 | Build | House |
| 16:19 | Create | Villager (Male) |
| 16:38 | Build | Farm |
| 16:44 | Create | Villager (Male) |
| 16:51 | Build | Market |
| 17:03 | Build | House |
| 17:16 | Create | Villager (Male) |
| 17:27 | Create | Archer |
| 17:27 | Create | Archer |
| 17:42 | Research | Fletching |
| 17:50 | Create | Archer |
| 17:50 | Create | Archer |
| 18:24 | Create | Archer |
| 18:24 | Create | Archer |
| 18:25 | Create | Villager (Male) |
| 18:28 | Build | House |
| 18:40 | Research | Padded Archer Armor |
| 18:46 | Create | Archer |
| 18:46 | Create | Archer |
| 19:07 | Build | House |
| 19:12 | Create | Villager (Male) |
| 19:19 | Create | Villager (Male) |
| 19:32 | Create | Archer |
| 19:32 | Create | Archer |
| 19:44 | Create | Archer |
| 19:45 | Create | Archer |
| 19:55 | Build | Farm |
| 19:58 | Build | House |
| 20:10 | Create | Villager (Male) |
| 20:10 | Create | Villager (Male) |
| 20:21 | Build | Mining Camp |
| 20:26 | Build | Farm |
| 20:26 | Build | Farm |
| 20:27 | Build | Farm |
| 20:27 | Build | Farm |
| 20:28 | Build | Farm |
| 20:28 | Build | Farm |
| 20:42 | Build | Farm |
| 20:45 | Build | House |
| 20:48 | Create | Archer |
| 20:48 | Create | Archer |
| 20:49 | Create | Villager (Male) |
| 21:03 | Build | House |
| 21:20 | Create | Villager (Male) |
| 21:33 | Build | Farm |
| 21:41 | Build | Farm |
| 22:36 | Build | House |
| 22:38 | Build | Palisade Wall |
| 22:41 | Build | House |
| 22:43 | Build | Palisade Wall |
| 22:45 | Build | House |
| 23:06 | Create | Villager (Male) |
| 23:07 | Create | Villager (Male) |
| 23:16 | Create | Spearman |
| 24:15 | Create | Villager (Male) |
| 24:16 | Create | Villager (Male) |
| 24:26 | Create | Spearman |
| 24:47 | Research | Scale Mail Armor |
| 24:56 | Create | Villager (Male) |
| 24:57 | Create | Villager (Male) |
| 24:57 | Create | Villager (Male) |
| 25:33 | Create | Villager (Male) |
| 26:02 | Create | Villager (Male) |
| 26:11 | Build | Mill |
| 26:12 | Build | Farm |
| 26:12 | Build | Farm |
| 26:13 | Build | Farm |
| 26:13 | Build | Farm |
| 26:13 | Build | Farm |
| 26:14 | Build | Farm |
| 26:14 | Build | Farm |
| 26:15 | Build | Farm |
| 26:16 | Build | Farm |
| 26:29 | Create | Villager (Male) |
| 26:53 | Build | Palisade Gate |
| 26:56 | Build | House |
| 27:08 | Create | Villager (Male) |
| 27:41 | Create | Villager (Male) |
| 27:41 | Create | Villager (Male) |
| 27:59 | Build | Farm |
| 28:18 | Research | Castle Age |
| 28:18 | Research | Castle Age |
| 28:33 | Create | Villager (Male) |
| 28:34 | Create | Villager (Male) |
| 28:36 | Research | Gold Mining |
| 29:14 | Create | Archer |
| 29:15 | Create | Archer |
Build order — Gush
First 150 of 352 actions detected
| 0:18 | Build | Town Center |
| 2:17 | Create | Villager (Male) |
| 2:17 | Create | Villager (Male) |
| 2:17 | Create | Villager (Male) |
| 2:18 | Create | Villager (Male) |
| 2:18 | Create | Villager (Male) |
| 2:18 | Create | Villager (Male) |
| 2:47 | Build | House |
| 3:34 | Create | Villager (Male) |
| 4:25 | Research | Loom |
| 4:28 | Create | Villager (Male) |
| 4:51 | Build | Mill |
| 4:52 | Create | Villager (Male) |
| 4:56 | Build | House |
| 5:02 | Create | Villager (Male) |
| 5:55 | Create | Villager (Male) |
| 6:00 | Build | Mill |
| 6:25 | Create | Villager (Male) |
| 6:29 | Build | House |
| 6:44 | Create | Villager (Male) |
| 7:12 | Build | House |
| 7:17 | Create | Villager (Male) |
| 7:24 | Create | Villager (Male) |
| 7:27 | Build | House |
| 7:43 | Create | Villager (Male) |
| 8:05 | Create | Villager (Male) |
| 8:42 | Build | Lumber Camp |
| 9:01 | Create | Villager (Male) |
| 9:16 | Research | Feudal Age |
| 10:38 | Build | Barracks |
| 10:45 | Build | House |
| 11:13 | Create | Villager (Male) |
| 11:36 | Age | Feudal Age |
| 11:38 | Build | Archery Range |
| 11:40 | Create | Villager (Male) |
| 11:52 | Build | Mining Camp |
| 11:58 | Build | Mining Camp |
| 12:04 | Create | Villager (Male) |
| 12:08 | Research | Double-Bit Axe |
| 12:15 | Create | Villager (Male) |
| 12:23 | Build | House |
| 12:25 | Create | Archer |
| 12:37 | Research | Town Watch |
| 12:43 | Build | Outpost |
| 12:49 | Create | Villager (Male) |
| 12:56 | Build | House |
| 12:58 | Create | Villager (Male) |
| 13:10 | Create | Archer |
| 13:16 | Create | Spearman |
| 13:17 | Create | Villager (Male) |
| 13:44 | Create | Archer |
| 13:54 | Create | Villager (Male) |
| 13:55 | Build | Blacksmith |
| 14:16 | Create | Archer |
| 14:48 | Research | Fletching |
| 14:51 | Build | Farm |
| 14:53 | Create | Spearman |
| 14:55 | Create | Villager (Male) |
| 15:07 | Create | Archer |
| 15:13 | Create | Villager (Male) |
| 15:20 | Create | Archer |
| 15:25 | Create | Villager (Male) |
| 15:42 | Build | House |
| 15:49 | Research | Wheelbarrow |
| 16:04 | Create | Archer |
| 16:07 | Build | House |
| 16:14 | Create | Archer |
| 16:19 | Research | Padded Archer Armor |
| 16:31 | Create | Archer |
| 16:40 | Create | Villager (Male) |
| 16:42 | Build | Lumber Camp |
| 16:50 | Build | Watch Tower |
| 17:00 | Create | Archer |
| 17:14 | Build | Mill |
| 17:39 | Create | Villager (Male) |
| 18:30 | Research | Castle Age |
| 18:51 | Create | Archer |
| 19:12 | Create | Archer |
| 19:47 | Create | Archer |
| 20:06 | Create | Archer |
| 20:49 | Build | House |
| 21:10 | Age | Castle Age |
| 21:14 | Research | Bodkin Arrow |
| 21:33 | Build | Mining Camp |
| 21:48 | Create | Archer |
| 21:54 | Build | Market |
| 22:19 | Create | Archer |
| 22:33 | Create | Archer |
| 22:59 | Create | Archer |
| 24:01 | Build | Town Center |
| 24:15 | Build | Town Center |
| 24:36 | Create | Villager (Male) |
| 24:54 | Build | Siege Workshop |
| 25:15 | Create | Villager (Male) |
| 25:32 | Build | Mill |
| 25:49 | Create | Villager (Male) |
| 25:55 | Create | Battering Ram |
| 26:49 | Create | Villager (Male) |
| 27:01 | Create | Villager (Male) |
| 27:09 | Build | Castle |
| 27:15 | Create | Villager (Male) |
| 27:37 | Build | Farm |
| 27:40 | Build | Mining Camp |
| 27:49 | Create | Villager (Male) |
| 27:52 | Build | Monastery |
| 28:05 | Create | Villager (Male) |
| 28:14 | Create | Cavalry Archer |
| 28:22 | Create | Monk |
| 28:26 | Create | Villager (Male) |
| 28:39 | Create | Villager (Male) |
| 28:52 | Create | Villager (Male) |
| 28:56 | Create | Monk |
| 29:01 | Create | Villager (Male) |
| 29:05 | Build | Farm |
| 29:06 | Research | Horse Collar |
| 29:18 | Create | Villager (Male) |
| 29:26 | Create | Villager (Male) |
| 29:31 | Create | Monk |
| 29:37 | Build | Farm |
| 29:54 | Create | Villager (Male) |
| 29:59 | Build | Farm |
| 30:02 | Build | Farm |
| 30:29 | Create | Villager (Male) |
| 30:37 | Create | Villager (Male) |
| 30:43 | Build | Lumber Camp |
| 30:46 | Create | Villager (Male) |
| 30:46 | Create | Villager (Male) |
| 31:04 | Build | Watch Tower |
| 31:07 | Create | Villager (Male) |
| 31:27 | Create | Monk |
| 31:32 | Create | Villager (Male) |
| 31:46 | Create | Villager (Male) |
| 32:10 | Create | Villager (Male) |
| 32:19 | Build | Watch Tower |
| 32:42 | Create | Villager (Male) |
| 32:53 | Create | Villager (Male) |
| 33:08 | Build | Mining Camp |
| 33:11 | Create | Villager (Male) |
| 33:13 | Build | University |
| 33:16 | Create | Villager (Male) |
| 33:19 | Build | Farm |
| 33:22 | Create | Monk |
| 33:28 | Create | Villager (Male) |
| 33:39 | Build | Mining Camp |
| 33:40 | Create | Villager (Male) |
| 33:50 | Research | Ballistics |
| 33:51 | Create | Villager (Male) |
| 33:58 | Build | Mill |
| 33:59 | Create | Villager (Male) |
| 34:15 | Create | Villager (Male) |
Build order — Paper Arrow
First 150 of 343 actions detected
| 0:44 | Build | Town Center |
| 3:01 | Build | House |
| 3:03 | Build | House |
| 3:14 | Create | Villager (Male) |
| 3:14 | Create | Villager (Male) |
| 3:14 | Create | Villager (Male) |
| 3:38 | Create | Villager (Male) |
| 3:38 | Create | Villager (Male) |
| 4:05 | Create | Villager (Male) |
| 4:06 | Create | Villager (Male) |
| 4:11 | Research | Loom |
| 4:49 | Create | Villager (Male) |
| 4:49 | Create | Villager (Male) |
| 4:50 | Create | Villager (Male) |
| 5:10 | Create | Villager (Male) |
| 5:10 | Create | Villager (Male) |
| 5:33 | Create | Villager (Male) |
| 5:50 | Create | Villager (Male) |
| 5:56 | Build | House |
| 6:10 | Create | Villager (Male) |
| 6:37 | Build | House |
| 6:49 | Create | Villager (Male) |
| 6:49 | Create | Villager (Male) |
| 6:53 | Build | Lumber Camp |
| 7:36 | Create | Villager (Male) |
| 7:36 | Create | Villager (Male) |
| 7:44 | Build | House |
| 8:27 | Build | House |
| 8:32 | Create | Villager (Male) |
| 8:32 | Create | Villager (Male) |
| 8:32 | Create | Villager (Male) |
| 8:32 | Create | Villager (Male) |
| 10:16 | Build | Mill |
| 10:29 | Create | Villager (Male) |
| 11:00 | Create | Villager (Male) |
| 11:00 | Create | Villager (Male) |
| 11:27 | Create | Villager (Male) |
| 11:28 | Create | Villager (Male) |
| 11:45 | Research | Feudal Age |
| 12:34 | Build | Barracks |
| 14:09 | Age | Feudal Age |
| 14:24 | Build | Archery Range |
| 14:31 | Build | Blacksmith |
| 14:36 | Create | Villager (Male) |
| 14:37 | Create | Villager (Male) |
| 15:49 | Build | Lumber Camp |
| 16:51 | Create | Villager (Male) |
| 17:09 | Build | House |
| 17:54 | Build | Watch Tower |
| 19:19 | Build | Mining Camp |
| 19:52 | Build | Farm |
| 19:55 | Build | Farm |
| 20:12 | Create | Villager (Male) |
| 20:33 | Build | Market |
| 20:49 | Build | House |
| 20:52 | Build | House |
| 21:15 | Research | Castle Age |
| 21:56 | Build | Farm |
| 22:56 | Build | Stable |
| 23:36 | Create | Villager (Male) |
| 23:37 | Create | Villager (Male) |
| 23:55 | Age | Castle Age |
| 23:58 | Build | Town Center |
| 24:03 | Create | Villager (Male) |
| 24:13 | Create | Villager (Male) |
| 24:28 | Build | House |
| 24:31 | Build | Palisade Wall |
| 24:34 | Build | Palisade Wall |
| 24:36 | Build | Palisade Wall |
| 24:41 | Build | Palisade Wall |
| 24:47 | Build | Farm |
| 24:53 | Create | Villager (Male) |
| 25:10 | Build | Castle |
| 25:13 | Build | Mining Camp |
| 25:14 | Create | Villager (Male) |
| 25:15 | Create | Villager (Male) |
| 25:20 | Build | Farm |
| 25:22 | Build | Farm |
| 25:40 | Create | Villager (Male) |
| 25:47 | Build | Farm |
| 26:00 | Create | Villager (Male) |
| 26:00 | Create | Villager (Male) |
| 26:12 | Build | Farm |
| 26:40 | Create | Villager (Male) |
| 26:41 | Create | Villager (Male) |
| 26:41 | Create | Villager (Male) |
| 26:45 | Build | Monastery |
| 26:50 | Create | Villager (Male) |
| 26:50 | Create | Villager (Male) |
| 27:12 | Create | Conquistador |
| 27:12 | Create | Conquistador |
| 27:18 | Build | Farm |
| 27:24 | Build | Farm |
| 27:26 | Create | Villager (Male) |
| 27:26 | Create | Villager (Male) |
| 27:34 | Research | Town Watch |
| 27:41 | Create | Conquistador |
| 27:41 | Create | Conquistador |
| 27:58 | Create | Knight |
| 28:00 | Create | Villager (Male) |
| 28:00 | Create | Villager (Male) |
| 28:05 | Build | Farm |
| 28:07 | Build | Farm |
| 28:21 | Create | Conquistador |
| 28:21 | Create | Conquistador |
| 28:32 | Create | Villager (Male) |
| 28:36 | Build | Farm |
| 28:39 | Create | Villager (Male) |
| 28:39 | Create | Villager (Male) |
| 28:43 | Create | Villager (Male) |
| 28:43 | Create | Villager (Male) |
| 28:43 | Create | Villager (Male) |
| 28:50 | Build | Mining Camp |
| 29:01 | Create | Conquistador |
| 29:07 | Create | Knight |
| 29:07 | Create | Knight |
| 29:10 | Build | Farm |
| 29:17 | Create | Villager (Male) |
| 29:27 | Research | Double-Bit Axe |
| 29:37 | Build | Farm |
| 29:40 | Create | Conquistador |
| 29:40 | Create | Conquistador |
| 29:54 | Create | Conquistador |
| 29:57 | Create | Conquistador |
| 29:57 | Create | Conquistador |
| 30:00 | Create | Villager (Male) |
| 30:34 | Create | Conquistador |
| 30:36 | Create | Conquistador |
| 32:01 | Create | Conquistador |
| 32:01 | Create | Conquistador |
| 32:01 | Create | Conquistador |
| 32:01 | Create | Conquistador |
| 32:07 | Create | Villager (Male) |
| 32:20 | Build | Town Center |
| 32:47 | Create | Conquistador |
| 33:26 | Create | Conquistador |
| 33:26 | Create | Conquistador |
| 33:27 | Create | Villager (Male) |
| 33:27 | Create | Villager (Male) |
| 33:31 | Create | Villager (Male) |
| 33:31 | Create | Villager (Male) |
| 33:32 | Create | Villager (Male) |
| 33:34 | Build | Farm |
| 33:34 | Build | Farm |
| 33:34 | Build | Farm |
| 33:35 | Build | Farm |
| 33:35 | Build | Farm |
| 33:35 | Build | Farm |
| 33:35 | Build | Farm |
| 34:08 | Build | Mining Camp |
Match timeline
| 9:03 | SometimesUnlucky · first_building Dock |
| 10:12 | Outback_Wizard · wall_segment Palisade Wall x3 |
| 10:24 | [JaMx] McLovin · first_building Barracks |
| 10:38 | Gush · first_building Barracks |
| 10:38 | [JaMx] buvs · wall_segment Palisade Wall x2 |
| 10:48 | [JaMx] buvs · first_building Barracks |
| 11:36 | Gush · age_up feudal |
| 11:38 | Gush · first_building Archery Range |
| 11:57 | [JaMx] buvs · age_up feudal |
| 12:04 | [JaMx] buvs · first_building Archery Range |
| 12:09 | [JaMx] McLovin · age_up feudal |
| 12:10 | [JaMx] McLovin · first_building Stable |
| 12:14 | SometimesUnlucky · first_building Barracks |
| 12:25 | [JaMx] buvs · wall_segment Palisade Wall x7 |
| 12:34 | Paper Arrow · first_building Barracks |
| 12:39 | [JaMx] buvs · wall_segment Palisade Wall x16 |
| 13:11 | SometimesUnlucky · age_up feudal |
| 13:23 | Outback_Wizard · age_up feudal |
| 13:35 | Outback_Wizard · wall_segment Palisade Wall x1 |
| 14:01 | Outback_Wizard · first_building Barracks |
| 14:09 | Paper Arrow · age_up feudal |
| 14:24 | Paper Arrow · first_building Archery Range |
| 16:11 | Outback_Wizard · first_building Stable |
| 16:40 | Outback_Wizard · age_up castle |
| 18:01 | SometimesUnlucky · wall_segment Palisade Wall x12 |
| 19:31 | Outback_Wizard · first_market_sell 100 wood |
| 19:32 | Outback_Wizard · first_market_buy 100 stone |
| 20:58 | Paper Arrow · first_market_sell 100 food |
| 21:10 | Gush · age_up castle |
| 21:56 | SometimesUnlucky · first_building Archery Range |
| 22:38 | [JaMx] buvs · wall_segment Palisade Wall x1 |
| 22:43 | [JaMx] buvs · wall_segment Palisade Wall x1 |
| 22:56 | Paper Arrow · first_building Stable |
| 23:55 | Paper Arrow · age_up castle |
| 24:28 | [JaMx] McLovin · wall_segment Palisade Wall x1 |
| 24:31 | Paper Arrow · wall_segment Palisade Wall x6 |
| 24:34 | Gush · first_market_sell 100 wood |
| 24:34 | Paper Arrow · wall_segment Palisade Wall x9 |
| 24:36 | Gush · first_market_buy 100 food |
| 24:36 | Paper Arrow · wall_segment Palisade Wall x6 |
| 24:41 | Paper Arrow · wall_segment Palisade Wall x6 |
| 24:46 | Outback_Wizard · first_building Siege Workshop |
| 24:54 | Gush · first_building Siege Workshop |
| 25:10 | Paper Arrow · first_building Castle |
| 26:38 | [JaMx] McLovin · age_up castle |
| 26:45 | Paper Arrow · first_building Monastery |
| 27:09 | Gush · first_building Castle |
| 27:45 | [JaMx] buvs · first_market_buy 100 food |
| 27:46 | [JaMx] buvs · first_market_sell 100 wood |
| 27:52 | Gush · first_building Monastery |
| 30:00 | SometimesUnlucky · age_up castle |
| 30:05 | [JaMx] McLovin · wall_segment Palisade Wall x2 |
| 30:22 | [JaMx] McLovin · wall_segment Palisade Wall x2 |
| 31:11 | [JaMx] buvs · age_up castle |
| 32:05 | SometimesUnlucky · first_building Castle |
| 32:09 | SometimesUnlucky · first_building Siege Workshop |
| 32:15 | Paper Arrow · first_market_buy 100 stone |
| 32:31 | [JaMx] buvs · tribute_sent a jugador 1 |
| 32:31 | [JaMx] buvs · tribute_sent a jugador 2 |
| 32:31 | [JaMx] buvs · tribute_sent a jugador 4 |
| 32:31 | [JaMx] buvs · tribute_sent a jugador 5 |
| 32:31 | [JaMx] buvs · tribute_sent a jugador 6 |
| 32:47 | [JaMx] buvs · tribute_sent a jugador 1 |
| 32:47 | [JaMx] buvs · tribute_sent a jugador 2 |
| 32:47 | [JaMx] buvs · tribute_sent a jugador 4 |
| 32:47 | [JaMx] buvs · tribute_sent a jugador 5 |
| 32:47 | [JaMx] buvs · tribute_sent a jugador 6 |
| 33:15 | [JaMx] McLovin · first_building Castle |
| 33:51 | [JaMx] McLovin · wall_segment Palisade Wall x1 |
| 34:35 | [JaMx] McLovin · wall_segment Palisade Wall x1 |
| 34:36 | [JaMx] McLovin · wall_segment Palisade Wall x1 |
| 34:46 | [JaMx] buvs · first_building Castle |
| 35:10 | Outback_Wizard · first_building Castle |
| 36:39 | [JaMx] buvs · first_building Siege Workshop |
| 36:47 | [JaMx] buvs · tribute_sent a jugador 1 |
| 36:47 | [JaMx] buvs · tribute_sent a jugador 2 |
| 36:47 | [JaMx] buvs · tribute_sent a jugador 4 |
| 36:47 | [JaMx] buvs · tribute_sent a jugador 5 |
| 36:47 | [JaMx] buvs · tribute_sent a jugador 6 |
| 40:12 | [JaMx] buvs · tribute_sent a jugador 1 |
| 40:12 | [JaMx] buvs · tribute_sent a jugador 2 |
| 40:12 | [JaMx] buvs · tribute_sent a jugador 4 |
| 40:12 | [JaMx] buvs · tribute_sent a jugador 5 |
| 40:12 | [JaMx] buvs · tribute_sent a jugador 6 |
| 40:17 | [JaMx] McLovin · first_market_sell 100 food |
| 40:18 | [JaMx] McLovin · first_market_buy 100 stone |
| 40:40 | [JaMx] McLovin · wall_segment Palisade Wall x1 |
| 40:49 | [JaMx] McLovin · wall_segment Palisade Wall x1 |
| 40:52 | [JaMx] McLovin · wall_segment Palisade Wall x1 |
| 41:51 | [JaMx] McLovin · first_building Siege Workshop |
| 43:42 | Outback_Wizard · age_up imperial |
| 44:27 | Gush · tribute_sent a jugador 1 |
| 44:27 | Gush · tribute_sent a jugador 2 |
| 44:27 | Gush · tribute_sent a jugador 3 |
| 44:27 | Gush · tribute_sent a jugador 5 |
| 44:27 | Gush · tribute_sent a jugador 6 |
| 45:41 | Gush · age_up imperial |
| 45:50 | Paper Arrow · age_up imperial |
| 46:17 | SometimesUnlucky · tribute_sent a jugador 1 |
| 46:17 | SometimesUnlucky · tribute_sent a jugador 3 |
| 46:17 | SometimesUnlucky · tribute_sent a jugador 4 |
| 46:17 | SometimesUnlucky · tribute_sent a jugador 5 |
| 46:17 | SometimesUnlucky · tribute_sent a jugador 6 |
| 47:52 | SometimesUnlucky · tribute_sent a jugador 1 |
| 47:52 | SometimesUnlucky · tribute_sent a jugador 3 |
| 47:52 | SometimesUnlucky · tribute_sent a jugador 4 |
| 47:52 | SometimesUnlucky · tribute_sent a jugador 5 |
| 47:52 | SometimesUnlucky · tribute_sent a jugador 6 |
| 48:25 | [JaMx] McLovin · wall_segment Palisade Wall x2 |
| 48:31 | [JaMx] McLovin · wall_segment Palisade Wall x1 |
| 48:37 | SometimesUnlucky · age_up imperial |
| 48:39 | [JaMx] buvs · age_up imperial |
| 48:50 | SometimesUnlucky · first_market_sell 100 wood |
| 48:54 | [JaMx] McLovin · wall_segment Stone Wall x4 |
| 49:00 | [JaMx] McLovin · wall_segment Palisade Wall x1 |
| 50:53 | Paper Arrow · resign |
[ AI ANALYSIS · 1 CREDIT ]
What really happened in this match?
Wolo.gg analyzes every decision: build order, eco, micro, common mistakes by bracket. Personalized analysis on WhatsApp or Discord in 30 seconds.
Civ guide
Persians
Perfil
Jugador #1978408